 Dungeon Crawl Stone Soup version 0.31-a0-949-g57150269e1 (webtiles) character file.

Game seed: 10322864789835742665

1345 Zonian the Magician (level 8, -30/41 HPs)
             Began as a Deep Elf Hedge Wizard on Oct 22, 2023.
             Was an Initiate of Ashenzari.
             Annihilated by a white ugly thing (35 damage)
             ... on level 6 of the Dungeon.
             The game lasted 00:24:14 (11168 turns).

Zonian the Magician (Deep Elf Hedge Wizard)        Turns: 11168, Time: 00:24:15

Health: -30/41     AC:  4    Str:  7    XL:     8   Next: 36%
Magic:  20/20      EV: 19    Int: 28    God:    Ashenzari [......]
Gold:   146        SH:  5    Dex: 14    Spells: 10/20 levels left

rFire   . . .        P - +5 dagger (freeze)
rCold   . . .        (no shield)
rNeg    . . .        b - +0 robe
rPois   .            A - +0 helmet
rElec   .            (no cloak)
rCorr   .            (no gloves)
SInv    .            y - +0 pair of boots
Will    .....        D - amulet of reflection
Stlth   +++          l - +6 ring of intelligence
HPRegen 0.26/turn    e - ring "Shackled Water Diviner" {EV+5, Melee, Comp} (curse)
MPRegen 0.17/turn

%: reflection
@: about to teleport
A: no striking features
a: Renounce Religion, Shatter the Chains


You were on level 6 of the Dungeon.
You worshipped Ashenzari.
Ashenzari was noncommittal.
You visited 2 branches of the dungeon, and saw 7 of its levels.
You also visited: Sewer.

You collected 335 gold pieces.
You spent 189 gold pieces at shops.

Inventory:

Hand Weapons
 a - a +0 dagger
 o - the +10 mace "Vumelusa" {antimagic, rC+++ Will+ rCorr Int-5}
   (You found it on level 4 of the Dungeon)

   Int-5:     It affects your intelligence (-5).
   rC+++:     It renders you almost immune to cold.
   Will+:     It increases your willpower.
   rCorr:     It protects you from acid and corrosion.
 q - a +5 dagger
 r - a +0 sling
 G - a +2 trident of flaming
 P - a +5 dagger of freezing (weapon)
 Q - a +4 dagger
Missiles
 g - 3 javelins
 j - 2 poisoned darts
 k - 2 throwing nets
 H - 6 boomerangs
 J - 4 curare-tipped darts
Armour
 b - a +0 robe (worn)
 c - a +0 hat
 y - a +0 pair of boots (worn)
 A - a +0 helmet (worn)
Magical Staves
 L - a staff of poison
Jewellery
 e - the cursed ring "Shackled Water Diviner" (right hand) {EV+5, Melee, Comp}
   (You found it on level 1 of the Dungeon)

   [ring of evasion]

   EV+5:      It affects your evasion (+5).
   It has a curse which improves the following skills: Melee Combat: Short
   Blades, Long Blades, Axes, Maces & Flails, Polearms, Staves and Unarmed
   Combat.
   Companions: Summonings and Necromancy.
 f - an amulet of faith
 h - a ring of see invisible
 i - an amulet of magic regeneration
 l - a +6 ring of intelligence (left hand)
 p - an amulet of regeneration
 x - a ring of resist corrosion
 D - an amulet of reflection (around neck)
 I - the ring of Ylidush {rPois rC++ Will- Str+6 Dex-4}
   (You found it on level 5 of the Dungeon)

   [ring of strength]

   Str+6:     It affects your strength (+6).
   Dex-4:     It affects your dexterity (-4).
   rC++:      It greatly protects you from cold.
   rPois:     It protects you from poison Will-: It decreases your willpower.
 K - a ring of willpower
Wands
 N - a wand of digging (1)
 O - a wand of flame (6)
Scrolls
 m - a scroll of blinking
 s - 2 scrolls of teleportation
 F - a scroll of fog
 M - a scroll of amnesia
Potions
 d - 3 potions of magic
 n - 3 potions of curing
 t - a potion of lignification
 u - a potion of might
 v - 2 potions of degeneration
 w - a potion of mutation
 z - 6 potions of enlightenment
 B - a potion of attraction
 C - 2 potions of heal wounds {unknown}
 R - a potion of haste {unknown}


   Skills:
 + Level 5.0 Dodging
 + Level 5.3 Stealth
 + Level 6.7 Spellcasting
 + Level 4.0 Conjurations
 + Level 2.5 Hexes
 + Level 4.0(4.3) Summonings
 + Level 4.2 Translocations
 + Level 2.1 Transmutations
 + Level 1.8 Air Magic
 + Level 2.1 Poison Magic


You had 10 spell levels left.
You knew the following spells:

 Your Spells              Type           Power      Damage    Failure   Level
a - Magic Dart            Conj           100%       1d8       1%          1
b - Blink                 Tloc           64%        N/A       1%          2
c - Call Imp              Summ           68%        N/A       1%          2
d - Slow                  Hex            92%        N/A       1%          1
e - Sting                 Tmut/Pois      84%        1d7       2%          1
f - Mephitic Cloud        Conj/Pois/Air  24%        N/A       5%          3

Your spell library contained the following spells:

 Spells                   Type           Power      Damage    Failure   Level
 Poisonous Vapours        Pois/Air       40%        N/A       3%          2
 Cigotuvi's Dreadful Rot  Necr/Pois/Air  32%        N/A       4%          2
 Olgreb's Toxic Radiance  Pois           21%        N/A       24%         4


Dungeon Overview and Level Annotations

Branches:
Dungeon (6/15)             Temple (1/1) D:6           Sewer (visited)

Altars:
Ashenzari
Cheibriados
Dithmenos
Fedhas
Gozag
Hepliaklqana
Kikubaaqudgha
Makhleb
Nemelex Xobeh
Okawaru
Qazlal
Ru
Sif Muna
Trog
Uskayaw
Vehumet
Wu Jian
Xom
Yredelemnul
Zin
The Shining One

Shops:
D:5 ?   D:6 =

Annotations:
D:5 1 runed translucent door


Message History

Unknown command.
Casting: Magic Dart (safe; 1% risk of failure)
Confirm with . or Enter, or press ? or * to list all spells.
Aiming: Slow (safe; 1% risk of failure)
Press: ? - help, Shift-Dir - straight line, f - white ugly thing
Aim: a white ugly thing (wandering, hasn't noticed you, chance to affect: 37%)
The white ugly thing gurgles horribly!
The white ugly thing resists with some effort.
Unknown command.
The cyclops shouts!
As you read the scroll of teleportation, it crumbles to dust.
You feel strangely unstable.
The cyclops throws a large rock.
The large rock hits you!!
Ouch! That really hurt!
* * * LOW HITPOINT WARNING * * *
Unknown command.
Okay, then.
Okay, then.
As you read the scroll of summoning, it crumbles to dust.
Wisps of shadow whirl around you...
The white ugly thing closely misses your ufetubus.
Casting: Slow (safe; 1% risk of failure)
Confirm with . or Enter, or press ? or * to list all spells.
Aiming: Mephitic Cloud (dangerous; 5% risk of failure)
Press: ? - help, Shift-Dir - straight line, f/p - white ugly thing
Aim: a white ugly thing (ally target, chance to affect: 43%)
Okay, then.
You swap places.
Unknown command.
You swap places.
Your ufetubus hits the white ugly thing.
Your ufetubus barely misses the white ugly thing.
The cyclops throws a large rock.
The large rock hits your hound!!
Your hound dies!
Your hound's corpse dissolves into shadows!
The white ugly thing headbutts you.
* * * LOW HITPOINT WARNING * * *
The white ugly thing freezes you!!
Ouch! That really hurt!
You die...

#.#.....#.................#######
#.#.....#.####...................
........#..........)...#####.....
........'.............#..........
.................................
......#..........................
......#.........55...............
......####.....u5.....#'#.....#..
...............5@.....C...#.#.#..
##........##.....l......###.#..#.
##......[.##.........[...........
#####''#####...........<###......
##........##...####'#............
#..........#####.................
............# #....#...#....####
.............# #....~~~~~.......>
..............##..#~~~~~~~#......


You could see a white ugly thing (ally target), a cyclops, a friendly iguana
(summoned) and 4 friendly ufetubi.

Vanquished Creatures
  A steam dragon (D:6)
  An ice beast (D:4)
  2 ogres (D:4)
  A phantom (D:4)
  4 wights (D:6)
  A gnoll bouda (D:5)
  2 hounds
  An orc priest (D:5)
  A centaur skeleton (D:4)
  Jessica (D:2)
  An iguana (D:6)
  A sickly merfolk siren (Sewer)
  A malarious merfolk avatar (Sewer)
  A human skeleton (D:5)
  Robin (D:2)
  12 gnolls
  8 adders
  2 river rats (Sewer)
  A white imp (D:5)
  2 ufetubi (D:6)
  3 adder skeletons (D:4)
  3 adder zombies (D:4)
  3 worms
  A dart slug (D:3)
  8 orcs
  5 bats
  10 endoplasms
  9 giant cockroaches
  15 goblins
  6 hobgoblins
  3 jackals
  4 quokkas
  10 ball pythons
  23 frilled lizards
  A goblin zombie (D:5)
  5 kobolds
  A kobold skeleton (D:5)
  27 rats
  A spectral hobgoblin (D:5)
183 creatures vanquished.

Vanquished Creatures (others)
  A bat (D:3)
1 creature vanquished.

Grand Total: 184 creatures vanquished

Notes
Turn   | Place    | Note
-------+----------+-------------------------------------------
     0 | D:1      | Zonian the Deep Elf Hedge Wizard began the quest for the
                  | Orb.
     0 | D:1      | Reached XP level 1. HP: 10/10 MP: 7/7
   344 | D:1      | Reached XP level 2. HP: 15/15 MP: 7/9
   721 | D:1      | Reached XP level 3. HP: 19/19 MP: 8/11
   976 | D:2      | Reached skill level 5 in Spellcasting
  1086 | D:2      | Noticed Robin
  1670 | D:2      | Reached XP level 4. HP: 24/24 MP: 10/13
  2290 | D:2      | Learned a level 2 spell: Blink
  2293 | D:2      | Learned a level 2 spell: Call Imp
  2295 | D:2      | Learned a level 1 spell: Slow
  2447 | D:2      | Killed Robin
  2665 | D:2      | Noticed Jessica
  2673 | D:2      | Killed Jessica
  2674 | D:2      | Reached XP level 5. HP: 28/28 MP: 12/14
  3385 | D:3      | Learned a level 1 spell: Sting
  4290 | D:3      | Found a faded altar of an unknown god.
  4446 | D:3      | Found a stormy altar of Qazlal.
  4518 | D:4      | Identified the +10 mace "Vumelusa" {antimagic, rC+++ Will+
                  | rCorr Int-5}
  4760 | D:4      | Noticed a phantom
  4788 | D:4      | Killed a phantom
  4789 | D:4      | Reached XP level 6. HP: 16/32 MP: 10/16
  5091 | D:4      | Reached skill level 6 in Spellcasting
  5358 | D:4      | Learned a level 3 spell: Mephitic Cloud
  5377 | D:4      | Reached XP level 7. HP: 32/36 MP: 13/18
  5961 | D:5      | Entered Level 5 of the Dungeon
  6083 | D:5      | Reached skill level 1 in Hexes
  6351 | D:5      | Found Cineoseu's Magic Scroll Shop.
  6358 | D:5      | Bought a scroll of summoning for 133 gold pieces
  6472 | D:5      | Bought a scroll of fog for 56 gold pieces
  6505 | D:5      | Noticed a human
  6513 | D:5      | Reached skill level 1 in Transmutations
  6594 | D:5      | Reached skill level 1 in Poison Magic
  6598 | D:5      | Found a runed translucent door.
  6605 | D:5      | Found a basalt altar of Yredelemnul.
  6808 | D:5      | Identified the ring of Ylidush {rPois rC++ Will- Str+6
                  | Dex-4}
  6835 | D:5      | Found a hazy altar of Hepliaklqana.
  7357 | D:5      | Reached skill level 1 in Air Magic
  7985 | D:6      | Found a glowing drain.
  8054 | Sewer    | Entered a sewer
  8612 | Sewer    | Reached skill level 5 in Stealth
  9067 | D:6      | Found a staircase to the Ecumenical Temple.
  9077 | D:6      | Found an opulent altar of Gozag.
  9099 | Temple   | Entered the Ecumenical Temple
  9173 | Temple   | Became a worshipper of Ashenzari the Shackled
  9277 | D:6      | Reached XP level 8. HP: 35/41 MP: 10/19
  9888 | D:6      | Found Pyorhomm's Jewellery Shoppe.
 10309 | D:6      | Noticed a white ugly thing
 10309 | D:6      | Noticed a cyclops
 10387 | D:6      | Reached skill level 5 in Dodging
 11094 | D:6      | Found a glowing silver altar of Zin.
 11168 | D:6      | Annihilated by a white ugly thing

Illustrated notes

Levels and vault maps discovered:
D:1:      heliophobic_arrival_glass_houses, layout_basic, minmay_crystal_water,
          minmay_pentomino_w2
D:2:      layout_rooms, minmay_lizard_pond, uniq_jessica, uniq_robin
D:3:      layout_rooms, mainiacjoe_overflow_brackets,
          chequers_ecumenical_altar_simple_redux, solitary_fountain,
          serial_park_tiny_pond
D:4:      layout_loops_ring, serial_undead, serial_undead_f, serial_undead_f,
          serial_undead_b, serial_undead_b, serial_undead_a, serial_undead_f
D:5:      layout_basic, dk_yredelemnul_ordeal,
          nicolae_hepliaklqana_monster_ancestors, serial_shops, shop,
          kennysheep_generic_room_11
D:6:      kennysheep_big_flooded_room, layout_basic,
          pdpol_temple_overflow_zin_treasury_gozag_greed, temple_statues,
          serial_shops, shop, cheibrodos_sewer_entry_drain
Temple:   minmay_temple_bridge_d

Skill      XL: |  1  2  3  4  5  6  7  8 |
---------------+-------------------------+-----
Dodging        | 3 4 5 |  5.0
Stealth        | 3 4 5 |  5.3
Spellcasting   | 5 6 |  6.7
Translocations | 2 3 4 |  4.2
Summonings     | 2 3 4 |  4.0
Conjurations   | 2 3 4 |  4.0
Hexes          | 1 2 |  2.5
Transmutations | 1 2 |  2.1
Poison Magic   | 1 2 |  2.1
Air Magic      | 1 |  1.8

Action                     |  1- 3 |  4- 6 |  7- 9 || total
---------------------------+-------+-------+-------++-------
  Melee: Dagger            |    21 |    29 |    62 ||   112
         Punch             |       |       |     1 ||     1
  Throw: Dart              |       |       |     5 ||     5
         Javelin           |       |       |     3 ||     3
         Throwing net      |       |       |     1 ||     1
   Cast: Magic Dart        |   106 |   201 |   211 ||   518
         Blink             |       |     3 |     1 ||     4
         Call Imp          |       |       |     3 ||     3
         Slow              |       |       |     5 ||     5
         Mephitic Cloud    |       |       |     2 ||     2
         Sting             |       |       |     2 ||     2
 Invoke: Curse Item        |       |       |     1 ||     1
    Use: Potion            |     3 |     1 |       ||     4
         Scroll            |     1 |    10 |     7 ||    18
   Stab: Sleeping          |       |     1 |       ||     1
         Held in net/web   |       |       |     1 ||     1
 Armour: Robe              |    33 |    39 |    42 ||   114
  Dodge: Dodged            |    74 |   106 |   100 ||   280
  Block: Other             |       |       |    23 ||    23
         Reflection        |       |       |     3 ||     3

Table legend: (Time is in decaauts)
 A = Elapsed time spent in this place.
 B = Non-inter-level travel time spent in this place.
 C = Inter-level travel time spent in this place.
 D = Time resting spent in this place.
 E = Time spent auto-exploring this place.
 F = Levels seen in this place.
 G = Mean time per level.
                   A        B        C        D        E       F      G
               +--------+--------+--------+--------+--------+-----+--------+
         Total |  11198 |  10705 |    493 |   5285 |   3664 |   8 | 1399.8 |
       Dungeon |  10040 |   9683 |    357 |   4765 |   3324 |   6 | 1673.3 |
        Temple |    144 |      8 |    136 |      0 |      0 |   1 |  144.0 |
         Sewer |   1012 |   1012 |      0 |    520 |    340 |   1 | 1012.0 |
               +--------+--------+--------+--------+--------+-----+--------+

Top non-repeatable levels by time:
     D:5: 2296 daAuts
     D:1: 2054 daAuts
     D:6: 1781 daAuts
     D:4: 1442 daAuts
     D:3: 1306 daAuts
     D:2: 1159 daAuts
   Sewer: 1012 daAuts
  Temple: 144 daAuts
